 Dungeon Crawl Stone Soup version 0.24.0-7-gb3623d2c88 (webtiles) character file.

Game seed: 2099294020761324521, levelgen mode: deterministic

71470 Luthien the Devastator (level 14, -8/85 HPs)
             Began as a Deep Elf Conjurer on Nov 1, 2019.
             Was a High Priest of Vehumet.
             Shot with an arrow by a satyr (10 damage)
             ... on level 2 of the Shoals on Nov 2, 2019.
             The game lasted 05:25:44 (28253 turns).

Luthien the Devastator (Deep Elf Conjurer)         Turns: 28253, Time: 05:25:44

Health: -8/85      AC: 14    Str:  5    XL:     14   Next: 97%
Magic:  5/53       EV: 22    Int: 31    God:    Vehumet [*****.]
Gold:   1842       SH:  6    Dex: 19    Spells: 8/43 levels left

rFire    . . .     SeeInvis .   E - +6 rapier "Emairheo" {vamp, +Fly rC- MP+9 Int+7}
rCold    + + .     Gourm    +   i - +0 buckler
rNeg     . . .     Faith    .   X - +4 leather armour of the Enchanted Forest {rC++}
rPois    .         Spirit   .   (helmet restricted)
rElec    +         Reflect  .   H - +1 cloak of Starlight {rElec rC+ EV+4 Stlth--}
rCorr    .         Harm     .   o - +0 pair of gloves
MR       ++...                  y - +1 pair of boots
Stlth    +.........             x - amulet of the gourmand
HPRegen  0.24/turn              O - ring of protection from magic
MPRegen  0.33/turn              w - ring of magical power

@: invisible, very slow
A: horns 1, blink, clever 1, robust 1
a: Blink, Renounce Religion, Evoke Flight


You were on level 2 of the Shoals.
You worshipped Vehumet.
Vehumet was extremely pleased with you.
You were not hungry.

You visited 5 branches of the dungeon, and saw 25 of its levels.
You also visited: Ossuary.

You collected 2381 gold pieces.
You spent 539 gold pieces at shops.

Inventory:

Hand Weapons
 g - the +7 hand axe of Wyrd {flame, MP+9 Int+3, unknown}
   (You found it on level 1 of the Shoals)

   It has been specially enchanted to burn those struck by it, causing extra
   injury to most foes and up to half again as much damage against particularly
   susceptible opponents.
   Big, fiery blades are also staple armaments of hydra-hunters.
   It affects your intelligence (+3).
   It affects your magic capacity (+9).
 E - the +6 rapier "Emairheo" (weapon) {vamp, +Fly rC- MP+9 Int+7}
   (You found it on level 1 of the Lair of Beasts)

   It inflicts no extra harm, but heals its wielder when it wounds a living foe.
   It affects your intelligence (+7).
   It makes you vulnerable to cold.
   It affects your magic capacity (+9).
   It lets you fly.
Missiles
 f - 11 poisoned darts
 j - 546 stones (quivered)
 t - 296 arrows
 u - 82 bolts
Armour
 i - a +0 buckler (worn)
 k - a +0 buckler
 m - a +1 robe of positive energy
 o - a +0 pair of gloves (worn)
 y - a +1 pair of boots (worn)
 H - the +1 cloak of Starlight (worn) {rElec rC+ EV+4 Stlth--}
   (You found it on level 6 of the Dungeon)

   It affects your evasion (+4).
   It protects you from cold.
   It insulates you from electricity.
   It makes you much less stealthy.
 X - the +4 leather armour of the Enchanted Forest (worn) {rC++}
   (You found it on level 11 of the Dungeon)

   It greatly protects you from cold.
Jewellery
 w - a ring of magical power (right hand)
 x - an amulet of the gourmand (around neck)
 G - the amulet "Put-Me-On" {RegenMP rF++ rN+}
   (You found it on level 2 of the Lair of Beasts)

   [amulet of magic regeneration]

   It increases your magic regeneration.
   It greatly protects you from fire.
   It protects you from negative energy.
 O - a ring of protection from magic (left hand)
Wands
 a - a wand of random effects (62)
 e - a wand of clouds (7)
 r - a wand of flame (17)
 z - a wand of acid (9)
 A - a wand of iceblast (7)
 Z - a wand of disintegration (9)
Scrolls
 h - 9 scrolls of teleportation
 n - a scroll of enchant armour
 q - 2 scrolls of fear
 D - a scroll of amnesia
 L - 5 scrolls of remove curse
 V - 3 scrolls of blinking
Potions
 b - 13 potions of curing
 d - 8 potions of magic
 l - 4 potions of invisibility
 p - 3 potions of mutation
 s - 2 potions of brilliance
 B - 3 potions of berserk rage
 C - 3 potions of agility
 R - 3 potions of haste
Miscellaneous
 U - 3 sacks of spiders
Comestibles
 c - 49 rations


   Skills:
 - Level 5.0 Fighting
 + Level 10.4 Armour
 - Level 9.0 Dodging
 - Level 10.0 Stealth
 - Level 4.0 Shields
 - Level 15.0 Spellcasting
 - Level 15.7 Conjurations
 - Level 3.0 Air Magic
 - Level 8.0 Evocations


You had 8 spell levels left.
You knew the following spells:

 Your Spells              Type           Power        Failure   Level  Hunger
a - Shock                 Conj/Air       ####         1%          1    None
b - Searing Ray           Conj           ######       0%          2    None
c - Iskenderun's Mystic   Conj           #######.     1%          4    None
d - Fulminant Prism       Conj/Hex       ######....   1%          4    None
e - Lightning Bolt        Conj/Air       ######....   1%          5    None
f - Ozocubu's Refrigerat  Ice            ###.......   69%         6    ###....
g - Irradiate             Conj/Tmut      ######....   1%          5    None
h - Fireball              Conj/Fire      ######....   1%          5    None
i - Ozocubu's Armour      Chrm/Ice       ###.....     9%          3    None

Your spell library contained the following spells:

 Spells                   Type           Power        Failure   Level  Hunger
 Orb of Destruction       Conj           #######...   1%          7    #####..
 Magic Dart               Conj           ####         0%          1    None
 Flame Tongue             Conj/Fire      #####        1%          1    None
 Freeze                   Ice            ###.         1%          1    None
 Throw Flame              Conj/Fire      ######       1%          2    None
 Throw Frost              Conj/Ice       ######       1%          2    None
 Conjure Flame            Conj/Fire      ######..     1%          3    None
 Dazzling Spray           Conj/Hex       ######       1%          3    None
 Force Lance              Conj/Tloc      ######..     1%          4    None
 Sticky Flame             Conj/Fire      ######..     1%          4    None
 Throw Icicle             Conj/Ice       ######..     1%          4    None
 Inner Flame              Hex/Fire       ###.....     2%          3    None
 Summon Ice Beast         Ice/Summ       ###.....     28%         4    None


Dungeon Overview and Level Annotations

Branches:
Dungeon (15/15)            Temple (1/1) D:6            Lair (5/6) D:8
 Shoals (2/4) Lair:3          Orc (2/2) D:9             Elf (0/3) Orc:2
 Vaults (0/5) D:13         Depths (0/5) D:15        Ossuary (visited)
  Snake: Lair:2-4    Spider: Lair:2-4     Slime: Lair:5-6

Altars:
Ashenzari
Cheibriados
Dithmenos
Elyvilon
Fedhas
Gozag
Hepliaklqana
Kikubaaqudgha
Makhleb
Nemelex Xobeh
Okawaru
Qazlal
Ru
Sif Muna
Trog
Uskayaw
Vehumet
Wu Jian
Xom
Yredelemnul
Zin
The Shining One
Beogh

Shops:
D:5 %   D:10 [   D:13 *   Orc:2 (*[(

Annotations:
D:14 2 transporters, Jaliuk's ghost, journeyman DECj


Innate Abilities, Weirdness & Mutations

You have a pair of small horns on your head.
You can translocate small distances at will.
Your mind is acute. (Int +2)
You are robust. (+10% HP)


Message History

You feel your power returning.
The orb of energy explodes!
The mystic blast hits the satyr!!!
The satyr is severely wounded.
You are no longer glowing.
The faun casts a spell at you. You resist with almost no effort.
The faun gestures at you while chanting.
You resist with almost no effort.
The satyr shoots an arrow.
The arrow hits you!!
* * * LOW HITPOINT WARNING * * *
You hear a splash.
You fade into invisibility!
The faun shoots a stone.
The stone hits you.
* * * LOW HITPOINT WARNING * * *
You hear a splash.
The faun shoots a stone.
The stone hits you.
* * * LOW HITPOINT WARNING * * *
You hear a splash.
The satyr shoots an arrow.
The arrow hits you!
You die...

≈≈ ≈≈≈≈≈≈≈≈≈≈≈≈≈≈≈
≈≈≈≈≈≈≈≈≈≈..≈≈≈≈≈≈≈≈≈≈≈≈
≈≈≈≈≈≈≈≈≈.....≈≈..≈≈≈≈≈≈
≈≈..≈≈≈≈..##...≈≈.≈≈≈≈≈≈
≈...≈≈≈≈...#....≈≈≈≈≈≈≈≈
.≈..≈≈≈........<.≈.≈≈≈≈≈
≈c.≈≈≈≈≈≈≈...##...≈≈≈≈≈≈
≈c≈≈≈≈≈≈≈≈≈...##...≈≈≈≈≈
..≈c≈≈)@(≈≈≈≈(..≈≈≈≈≈≈≈≈
...≈≈≈≈≈≈)≈≈≈...≈≈≈≈≈≈≈≈
##.≈≈≈≈≈≈≈≈≈≈≈≈≈≈≈≈≈≈≈≈≈
#.....≈≈≈≈≈≈≈≈≈≈≈≈≈≈≈≈≈
#.......≈≈≈≈≈≈≈≈≈≈≈≈≈≈≈≈
#.[##...≈≈≈≈≈≈≈≈≈≈≈≈≈≈≈≈
#.. #...≈≈≈≈≈≈≈≈≈≈≈≈≈≈≈≈
>. .....≈≈≈≈≈≈≈≈≈≈≈≈≈≈≈
......≈/≈≈≈≈≈≈ ≈≈≈≈..


You could see a satyr and 2 fauns.

Vanquished Creatures
  4 orc warlords
  3 hydras
  Harold (Lair:2)
  3 vault guards (D:13)
  6 two-headed ogres
  2 ogre magi (D:13)
  A death yak (Lair:2)
  Nergalle (Lair:2)
  5 skeletal warriors
  2 sea snakes (Shoals:1)
  An orb spider (shapeshifter) (D:15)
  Pikel (D:9)
  2 manticores
  2 fauns (Shoals:2)
  3 orc knights
  6 ugly things
  2 orc sorcerers
  3 cyclopes
  3 elephants (Lair:5)
  5 black mambas
  Joseph (D:9)
  2 water nymphs
  3 merfolk sirens
  5 centaur skeletons
  A gargoyle (D:13)
  10 spiny frogs
  3 rime drakes
  2 yaktaurs (D:13)
  A yaktaur (shapeshifter) (D:15)
  A komodo dragon (Lair:2)
  2 hornets
  3 merfolk (Shoals:1)
  7 trolls
  4 wind drakes
  14 blink frogs
  4 slime creatures (D:13)
  8 hippogriffs
  2 snapping turtles (Shoals:1)
  A shadow (D:10)
  A wraith (D:13)
  2 wyverns
  A water elemental (Shoals:1)
  36 yaks
  A vampire (D:15)
  2 hungry ghosts
  A basilisk (Lair:5)
  A steam dragon (D:10)
  4 vampire mosquitoes
  2 acid dragons
  6 wargs
  2 soldier ants (D:8)
  7 porcupines
  5 water moccasins
  44 orc warriors
  4 slaves (D:9)
  3 phantoms
  9 ice beasts
  2 necrophages
  2 eyes of draining
  6 sky beasts
  17 ogres
  4 black bears
  4 centaurs
  7 wolves
  7 crocodiles
  A big kobold (D:13)
  15 bullfrogs
  3 wyvern zombies
  8 scorpions
  4 killer bees (D:13)
  4 wights
  4 electric eels (Lair:4)
  5 howler monkeys
  3 bullfrog zombies
  9 crimson imps
  3 centaur zombies
  5 hounds
  2 jellies
  29 orc wizards
  Crazy Yiuf (D:2)
  23 orc priests
  3 bullfrog skeletons
  Ijyb (D:3)
  Jessica (D:3)
  Natasha (D:3)
  3 iguanas
  13 worker ants
  3 big kobold zombies (Ossuary)
  2 hound skeletons
  2 mummies (Ossuary)
  A worker ant zombie (D:8)
  3 gnolls (D:7)
  15 adders
  4 shadow imps
  4 oozes
  2 adder skeletons
  3 worms
  4 dart slugs
  5 leopard geckos
  105 orcs
  4 giant cockroaches
  10 goblins
  10 hobgoblins
  5 jackals
  2 quokkas
  15 bats
  4 frilled lizards
  5 gnoll zombies
  A goblin zombie (Ossuary)
  3 hobgoblin zombies (Ossuary)
  A jackal skeleton (D:4)
  7 kobolds
  A leopard gecko skeleton (D:5)
  2 orc zombies (Ossuary)
  A quokka skeleton (D:3)
  A quokka zombie (D:5)
  5 rats
  A spectral orc (D:5)
  3 fulminant prisms
  2 fungi (Lair:1)
687 creatures vanquished.

Vanquished Creatures (others)
  359 fulminant prisms
  13 fungi
  3 plants
375 creatures vanquished.

Grand Total: 1062 creatures vanquished

Notes
Turn   | Place    | Note
-------+----------+-------------------------------------------
     0 | D:1      | Luthien the Deep Elf Conjurer began the quest for the Orb.
     0 | D:1      | Reached XP level 1. HP: 10/10 MP: 6/6
   161 | D:1      | Reached XP level 2. HP: 15/15 MP: 4/8
   165 | D:1      | Learned a level 2 spell: Searing Ray
   652 | D:1      | Reached XP level 3. HP: 19/19 MP: 8/10
  1161 | D:2      | Found a radiant altar of Vehumet.
  1173 | D:2      | Became a worshipper of Vehumet
  1278 | D:2      | Reached skill level 5 in Conjurations
  1330 | D:2      | You fall into a shaft and drop 1 floor!
  1351 | D:3      | Noticed Jessica
  1375 | D:3      | Noticed Ijyb
  1410 | D:3      | Reached XP level 4. HP: 3/24 MP: 3/12
  1680 | D:3      | Found a white marble altar of Elyvilon.
  1878 | D:2      | Reached * piety under Vehumet
  1878 | D:2      | Offered knowledge of Shock by Vehumet.
  1881 | D:2      | Learned a level 1 spell: Shock
  2028 | D:2      | Found a runed translucent door.
  2029 | D:2      | Noticed Crazy Yiuf
  2313 | D:3      | Killed Ijyb
  2313 | D:3      | Reached XP level 5. HP: 26/28 MP: 14/14
  2374 | D:3      | Killed Jessica
  2374 | D:3      | Reached skill level 5 in Spellcasting
  2963 | D:3      | Noticed Natasha
  2966 | D:3      | Killed Natasha
  2972 | D:3      | Reached skill level 1 in Air Magic
  2972 | D:3      | Reached XP level 6. HP: 28/32 MP: 15/15
  3235 | D:4      | Found an opulent altar of Gozag.
  3331 | D:4      | Reached skill level 5 in Dodging
  3497 | D:4      | Got a slimy robe
  3582 | D:4      | Reached XP level 7. HP: 36/36 MP: 18/18
  3588 | D:4      | Learned a level 4 spell: Iskenderun's Mystic Blast
  3836 | D:4      | Reached ** piety under Vehumet
  3837 | D:4      | Offered knowledge of Throw Frost by Vehumet.
  4158 | D:4      | Found the +7 Singing Sword {slice, sonic wave}
  4331 | D:3      | Identified the +2 robe of Fanaticism {*Drain rElec MR+}
                  | (You found it on level 4 of the Dungeon)
  4420 | D:5      | Entered Level 5 of the Dungeon
  4540 | D:5      | Found a shattered altar of Ashenzari.
  4604 | D:5      | Reached XP level 8. HP: 40/41 MP: 20/22
  4758 | D:5      | Offered knowledge of Mephitic Cloud by Vehumet.
  4896 | D:5      | Found a sand-covered staircase.
  4906 | Ossuary  | Entered an ossuary
  4985 | Ossuary  | Reached *** piety under Vehumet
  5530 | D:5      | Found a basalt altar of Yredelemnul.
  5663 | D:5      | Found an ornate altar of the Wu Jian Council.
  5665 | D:5      | Found a bloodstained altar of Trog.
  5665 | D:5      | Found a snail-covered altar of Cheibriados.
  5667 | D:5      | Found a shimmering altar of Xom.
  5667 | D:5      | Found a bloodstained altar of Trog.
  5667 | D:5      | Found a shimmering altar of Xom.
  5726 | D:5      | Found Xyeq's Food Boutique.
  5855 | D:6      | Identified the +6 long sword "Pocugiby" {slice, rElec rN++
                  | Dex-2 Stlth+}
  5936 | D:6      | Offered knowledge of Stone Arrow by Vehumet.
  6107 | D:6      | Found a glowing silver altar of Zin.
  6149 | D:6      | Found the +1 cloak of Starlight {rElec rC+ EV+4 Stlth--}
  6175 | D:6      | Found a snail-covered altar of Cheibriados.
  6175 | D:6      | Found a staircase to the Ecumenical Temple.
  6201 | Temple   | Entered the Ecumenical Temple
  6850 | D:7      | Reached skill level 10 in Spellcasting
  7027 | D:7      | Found a burning altar of Makhleb.
  7069 | D:7      | Reached XP level 9. HP: 45/46 MP: 18/25
  7148 | D:7      | Reached skill level 1 in Evocations
  7212 | D:7      | Reached skill level 1 in Fighting
  7479 | D:7      | Found a glowing golden altar of the Shining One.
  8024 | D:2      | Killed Crazy Yiuf
  8170 | D:5      | Bought a ration for 70 gold pieces
  8170 | D:5      | Bought a ration for 70 gold pieces
  8170 | D:5      | Bought a ration for 70 gold pieces
  8170 | D:5      | Bought a ration for 70 gold pieces
  8268 | D:8      | Noticed an orc sorcerer
  8271 | D:8      | Noticed a red devil
  8273 | D:8      | Killed an orc sorcerer
  8279 | D:8      | Learned a level 4 spell: Fulminant Prism
  8373 | D:8      | Found an iron altar of Okawaru.
  8487 | D:8      | Found a staircase to the Lair.
  8507 | D:8      | Reached **** piety under Vehumet
  8760 | D:8      | Offered knowledge of Lightning Bolt by Vehumet.
  8770 | D:8      | Learned a level 5 spell: Lightning Bolt
  8843 | D:8      | Noticed a cyclops
  8849 | D:8      | Killed a cyclops
  8849 | D:8      | Reached skill level 5 in Stealth
  8849 | D:8      | Reached skill level 10 in Conjurations
  9347 | D:9      | Noticed a cyan ugly thing
  9348 | D:9      | Reached XP level 10. HP: 54/54 MP: 26/26
  9350 | D:9      | Noticed Joseph
  9363 | D:9      | Killed a cyan ugly thing
  9374 | D:9      | Killed Joseph
  9747 | D:9      | Found a stormy altar of Qazlal.
  9846 | D:9      | Reached skill level 5 in Evocations
  9882 | D:9      | Found a staircase to the Orcish Mines.
  9886 | D:9      | Found a sacrificial altar of Ru.
  9909 | D:9      | Noticed a cyclops
  9918 | D:9      | Killed a cyclops
  9982 | D:9      | Found a blossoming altar of Fedhas.
 10101 | D:9      | Found a hide-covered altar of Uskayaw.
 10104 | D:9      | Found a hazy altar of Hepliaklqana.
 10150 | D:9      | Reached ***** piety under Vehumet
 10226 | D:9      | Noticed Pikel
 10233 | D:9      | Killed Pikel
 10594 | D:10     | Entered Level 10 of the Dungeon
 10625 | D:10     | Reached XP level 11. HP: 44/62 MP: 28/28
 10637 | D:10     | Offered knowledge of Ozocubu's Refrigeration by Vehumet.
 10660 | D:10     | Learned a level 6 spell: Ozocubu's Refrigeration
 11347 | D:10     | Found Upi Xoash's Armour Emporium.
 12535 | D:11     | Reached skill level 5 in Fighting
 13123 | D:11     | Noticed a two-headed ogre
 13130 | D:11     | Killed a two-headed ogre
 13183 | D:11     | Got a polished leather armour
 13301 | D:11     | Identified the +4 leather armour of the Enchanted Forest
                  | {rC++} (You found it on level 11 of the Dungeon)
 13684 | Orc:1    | Entered Level 1 of the Orcish Mines
 13786 | Orc:2    | Entered Level 2 of the Orcish Mines
 13786 | Orc:2    | Noticed an orc warlord
 13787 | Orc:2    | Noticed a two-headed ogre
 14044 | Lair:1   | Entered Level 1 of the Lair of Beasts
 14515 | Lair:1   | Offered knowledge of Irradiate by Vehumet.
 14600 | Lair:1   | Found the +9 scales of the Dragon King {rPois rF+ rC+ MR+}
 14659 | Lair:1   | Got a crystal rapier
 14724 | Lair:1   | Identified the +6 rapier "Emairheo" {vamp, +Fly rC- MP+9
                  | Int+7} (You found it on level 1 of the Lair of Beasts)
 14800 | Lair:1   | Reached XP level 12. HP: 68/68 MP: 31/31
 15000 | Lair:1   | Noticed an eight-headed hydra
 15010 | Lair:1   | Killed an eight-headed hydra
 15265 | Lair:2   | Noticed Nergalle
 15270 | Lair:2   | Killed Nergalle
 15276 | Lair:2   | Noticed Harold
 15286 | Lair:2   | Killed Harold
 15864 | Lair:2   | Noticed a death yak
 15886 | Lair:2   | Killed a death yak
 15983 | Lair:2   | Reached skill level 10 in Stealth
 15990 | Lair:2   | Learned a level 5 spell: Irradiate
 15996 | Lair:2   | Learned a level 5 spell: Fireball
 16144 | Lair:2   | Got a pitted jade amulet
 16146 | Lair:2   | Identified the amulet "Put-Me-On" {RegenMP rF++ rN+} (You
                  | found it on level 2 of the Lair of Beasts)
 16617 | Lair:3   | Got a bloodstained trident
 16640 | Lair:3   | Found a staircase to the Shoals.
 16714 | Lair:3   | Identified the +3 trident of Exoneration {freeze, Int+7
                  | Dex+3} (You found it on level 3 of the Lair of Beasts)
 17937 | Lair:4   | Reached skill level 15 in Spellcasting
 17948 | Lair:4   | Reached XP level 13. HP: 72/72 MP: 34/34
 19793 | D:12     | Offered knowledge of Bolt of Draining by Vehumet.
 19976 | D:12     | Reached skill level 15 in Conjurations
 20092 | D:12     | Reached skill level 1 in Armour
 20667 | D:13     | Found Omiah's Blood Bar.
 20811 | D:13     | Upgraded the game from 0.24.0-5-g267a8d59f4 to
                  | 0.24.0-7-gb3623d2c88
 21064 | D:13     | Reached skill level 5 in Armour
 21206 | D:13     | Found a gate to the Vaults.
 21353 | D:13     | Identified the +12 chain mail "Huirozadd" {rElec}
 22157 | D:14     | Reached XP level 14. HP: 55/78 MP: 30/35
 22392 | D:14     | Found a shadowy altar of Dithmenos.
 22452 | D:14     | Noticed Jaliuk's ghost (journeyman DECj)
 22453 | D:14     | Noticed a fire giant
 22816 | D:14     | Found a transporter.
 22816 | D:14     | Found a transporter.
 22954 | D:15     | Entered Level 15 of the Dungeon
 23040 | D:15     | Offered knowledge of Venom Bolt by Vehumet.
 23123 | D:15     | Identified the +5 long sword of Vudd {slice, Str+4 Dex+6}
 23151 | D:15     | Found a blossoming altar of Fedhas.
 23723 | Orc:1    | HP: 3/78 [two-headed ogre/+0 giant club (24)]
 24248 | Orc:2    | Noticed an orc warlord
 24253 | Orc:2    | Killed an orc warlord
 24475 | Orc:2    | Killed an orc warlord
 24754 | Orc:2    | Found a staircase to the Elven Halls.
 24784 | Orc:2    | Noticed an orc warlord
 24846 | Orc:2    | Killed an orc warlord
 25255 | Orc:2    | Gained mutation: You are clumsy. (Dex -2) [a neqoxec]
 25259 | Orc:2    | Gained mutation: You have a pair of small antennae on your
                  | head. [a neqoxec]
 25295 | Orc:2    | Found Juded's Antique Armour Shoppe.
 25296 | Orc:2    | Found a roughly hewn altar of Beogh.
 25302 | Orc:2    | Found Luol Hakhley's Antique Weapon Emporium.
 25310 | Orc:2    | Bought a buckler for 94 gold pieces
 25432 | Orc:2    | Found a roughly hewn altar of Beogh.
 25465 | Orc:2    | Found Uliudd's General Store.
 25470 | Orc:2    | Bought 2 potions of curing for 90 gold pieces
 25470 | Orc:2    | Bought a ration for 75 gold pieces
 25552 | Orc:2    | Reached ****** piety under Vehumet
 25597 | Orc:2    | Found a roughly hewn altar of Beogh.
 25714 | Orc:2    | Offered knowledge of Orb of Destruction by Vehumet.
 25714 | Orc:2    | Reached skill level 1 in Shields
 25733 | Orc:2    | Found a roughly hewn altar of Beogh.
 25742 | Orc:2    | Found Eweupsuw's Weapon Shop.
 26226 | Orc:1    | Noticed an orc warlord
 26247 | Orc:1    | Reached skill level 10 in Armour
 26536 | Orc:1    | Killed an orc warlord
 27056 | D:9      | Lost mutation: You are clumsy. (Dex -2) [potion of
                  | mutation]
 27056 | D:9      | Lost mutation: You have a pair of small antennae on your
                  | head. [potion of mutation]
 27056 | D:9      | Gained mutation: You are robust. (+10% HP) [potion of
                  | mutation]
 27056 | D:9      | Gained mutation: You have a pair of small horns on your
                  | head. [potion of mutation]
 27056 | D:9      | Gained mutation: Your mind is acute. (Int +2) [potion of
                  | mutation]
 27056 | D:9      | Gained mutation: You can translocate small distances at
                  | will. [potion of mutation]
 27191 | Shoals:1 | Entered Level 1 of the Shoals
 27204 | Shoals:1 | Learned a level 3 spell: Ozocubu's Armour
 27353 | Shoals:1 | Got a slimy hand axe
 28253 | Shoals:2 | HP: 2/85 [faun/stone[a satyr] (6)]
 28253 | Shoals:2 | Shot with an arrow by a satyr

Levels and vault maps discovered:
D:1:      sevenhm_arrival_forest_fort_small_3, layout_rooms,
          chequers_serial_rivers_micro_b
D:2:      layout_rooms, old_standard_altar, minmay_misc_feat_rows, st_stairs_3,
          minmay_quadrilaterals, uniq_crazy_yiuf_cottage
D:3:      layout_loops_ring, elyvilon_altar_3, uniq_natasha, uniq_jessica,
          uniq_ijyb
D:4:      old_forge, layout_loops_ring, nicolae_overflow_crystal_walls
D:5:      layout_basic, doesnt_xom_only_xom,
          yredelemnul_forgotten_temple_becter, first_ration, serial_shops, shop,
          enter_ossuary_3, minivault_5, cheibrodos_ashenzari_chains
D:6:      layout_cave_pods, zin_treasury, cheibriados_altar_1,
          minmay_temple_entry_statues_fountains, item_on_display_a
D:7:      layout_basic, marbit_many_paths, basic_altar
D:8:      cheibrodos_wizards_tower, layout_gridville, okawaru_metal_pillars_1_2,
          lair_entry_dummy, hangedman_pestilent_swarm
D:9:      layout_loops_ring, kennysheep_mini, lemuel_doored_altar,
          nicolae_overflow_hidden_temple, orc_0_dummy, grunt_ministairs_12,
          hive_lemuel, uniq_joseph, uniq_pikel
D:10:     kennysheep_ambush_hall, layout_layer_cave, serial_shops, shop
D:11:     layout_basic
D:12:     layout_loops_ring, grunt_ministairs_2, feat_on_display
D:13:     kennysheep_six_static_rooms, layout_loops_ring,
          grunt_vaults_entry_fortified, guppyfry_shop_blood
D:14:     layout_rooms, gammafunk_ghost_arena, grunt_dithmenos_smoke,
          kennysheep_generic_room_7
D:15:     hangedman_depths_entry_try_elsewhere_first, layout_long_grid,
          gauntlet_entry_generic, skrybe_limestone_x, corexii_hall_statues_i,
          fedhas_altar_1
Temple:   jpeg_temple_island
Lair:1:   layout_long_grid, grunt_megastairs_1
Lair:2:   layout_hall_layers, nicolae_spider_entry_non_spiders, nzn_random_ring,
          lemuel_fruit_tree, lemuel_fruit_fields, uniq_harold, uniq_nergalle
Lair:3:   layout_gridlike, minmay_shoals_entry_lonely_mermaid
Lair:4:   layout_hall_layers, serial_bayou_lake_a, grunt_megastairs_4
Lair:5:   layout_regular_city, infiniplex_staircase_pool_2
Shoals:1: layout_shoals
Shoals:2: layout_shoals
Orc:1:    layout_caves
Orc:2:    grunt_orc_community_town_hall, layout_caves,
          grunt_orc_community_big_house_2, grunt_orc_community_big_house_2,
          grunt_orc_community_house_3, grunt_orc_community_house_3,
          grunt_orc_community_house_1, grunt_orc_community_house_2,
          grunt_orc_community_house_1

Skill      XL: |  1  2  3  4  5  6  7  8  9 10 11 12 13 14 |
---------------+-------------------------------------------+-----
Dodging        | 3 4 5 6 7 8 9 |  9.0
Spellcasting   | 4 5 6 8 10 11 13 15 | 15.0
Conjurations   | 5 6 7 9 10 11 12 13 15 | 15.7
Air Magic      | 1 2 3 |  3.0
Stealth        | 5 7 8 10 | 10.0
Evocations     | 3 5 6 8 |  8.0
Fighting       | 2 4 5 |  5.0
Armour         | 5 10 | 10.4
Shields        | 4 |  4.0

Action                   |  1- 3 |  4- 6 |  7- 9 | 10-12 | 13-15 || total
-------------------------+-------+-------+-------+-------+-------++-------
Melee: Unarmed           |     2 |       |       |       |       ||     2
       Dagger            |     1 |       |       |       |       ||     1
       Short sword       |       |       |    28 |       |       ||    28
       Double sword      |       |       |     4 |       |       ||     4
       Long sword        |       |       |       |    12 |       ||    12
       Rapier            |       |       |       |     2 |    59 ||    61
Throw: Stone             |       |       |       |       |     2 ||     2
 Cast: Magic Dart        |    62 |    26 |       |       |       ||    88
       Searing Ray       |     7 |     5 |    33 |    43 |    70 ||   158
       Shock             |       |    77 |   251 |   329 |   186 ||   843
       Iskenderun's Myst |       |       |    10 |     2 |    70 ||    82
       Fulminant Prism   |       |       |    10 |   128 |   225 ||   363
       Lightning Bolt    |       |       |     1 |       |       ||     1
       Irradiate         |       |       |       |       |    14 ||    14
 Abil: Evoke Flight      |       |       |       |       |     1 ||     1
Evoke: Wand              |       |       |       |       |     5 ||     5
  Use: Scroll            |       |       |    17 |     8 |    14 ||    39
       Potion            |       |       |     1 |     2 |     5 ||     8
  Eat: Chunk             |     1 |     7 |    15 |    23 |    30 ||    76
       Ration            |       |       |     1 |     1 |     4 ||     6
Armor: Leather armour    |    17 |     2 |       |    34 |    61 ||   114
       Robe              |       |       |    26 |    19 |       ||    45
       Gold dragon scale |       |       |       |       |     9 ||     9
Dodge: Dodged            |    44 |     6 |   102 |   238 |   348 ||   738
Block: Buckler           |       |       |       |       |    12 ||    12
       Rpst.: Double sword |       |       |     6 |       |       ||     6
       Long sword        |       |       |     4 |    33 |       ||    37
